 Dungeon Crawl Stone Soup version 0.21-a0-404-g291f19a (webtiles) character file.

359 Mamutox the Vandal (level 6, -3/32 HPs)
             Began as a Spriggan Hunter on Oct 31, 2017.
             Killed from afar by an orc wizard (11 damage)
             ... with a magic dart
             ... on level 4 of the Dungeon on Nov 1, 2017.
             The game lasted 00:27:11 (5049 turns).

Mamutox the Vandal (Spriggan Hunter)                Turns: 5049, Time: 00:27:12

Health: -3/32      AC:  2    Str:  8    XL:     6   Next: 37%
Magic:  7/7        EV: 19    Int: 12    God:
Gold:   160        SH:  0    Dex: 15    Spells: 5/5 levels left

rFire    . . .     SeeInvis +   b - +0 short sword
rCold    . . .     Gourm    .   (shield restricted)
rNeg     . . .     Faith    .   c - +0 robe
rPois    .         Spirit   .   (helmet restricted)
rElec    .         Reflect  .   (no cloak)
rCorr    .         Harm     .   (gloves unavailable)
MR       +....                  (boots unavailable)
Stlth    +++.......             (no amulet)
HPRegen  0.10/turn              g - -4 ring of dexterity (curse)
MPRegen  0.10/turn              (no ring)

@: very quick
A: unfitting armour, see invisible, herbivore 3, speed 3, slow metabolism 2
a: no special abilities


You were on level 4 of the Dungeon.
You were full.

You visited 1 branch of the dungeon, and saw 4 of its levels.

You collected 160 gold pieces.

Inventory:

Hand Weapons
 a - a +1 hunting sling
 b - a +0 short sword (weapon)
Missiles
 d - 9 sling bullets
 h - 158 stones (quivered)
 j - 84 arrows
 k - 22 poisoned needles
 l - 8 javelins of returning
 m - 3 curare-tipped needles
Armour
 c - a +0 robe (worn)
Jewellery
 g - a cursed -4 ring of dexterity (left hand)
 p - a cursed amulet of inaccuracy
 y - a +4 ring of evasion
Wands
 o - a wand of lightning (8/15)
 q - a wand of iceblast (8/15)
Scrolls
 i - a scroll of enchant armour {unknown}
 w - a scroll of random uselessness
Potions
 e - 3 potions of lignification {unknown}
 n - a potion of invisibility {unknown}
 r - 2 potions of brilliance {unknown}
 s - 3 potions of curing
 t - a potion of cancellation {unknown}
 v - a potion of agility {unknown}
 z - a potion of haste {unknown}
Books
 u - a book of Maledictions

   Spells                             Type                      Level
   a - Corona                         Hexes                        1
   b - Ensorcelled Hibernation        Hexes/Ice                    2
   c - Confuse                        Hexes                        3
   d - Tukima's Dance                 Hexes                        3
   e - Dazzling Spray                 Conjuration/Hexes            3
Comestibles
 f - 2 bread rations
 x - a royal jelly


   Skills:
 + Level 2.7 Fighting
 * Level 2.8 Short Blades
 + Level 7.1 Slings
 + Level 3.6 Dodging
 * Level 4.0 Stealth


You had 5 spell levels left.
You didn't know any spells.

Dungeon Overview and Level Annotations

Branches:
Dungeon (4/15)
 Temple: D:4-7

Altars:
Fedhas
Makhleb

Annotations:
D:4 Edmund, Eustachio


Innate Abilities, Weirdness & Mutations

You are very small and have problems with some larger weapons.
You are too small for most types of armour.
You have supernaturally acute eyesight. (SInv)
You are a herbivore.
You cover ground extremely quickly.
You need consume almost no food.


Message History

The orc wizard hits you but does no damage.
You hit the orc wizard but do no damage.
The orc wizard is almost dead.
The orc wizard misses you.
You hit the orc wizard but do no damage.
The orc wizard is almost dead.
The orc wizard barely misses you. The orc wizard hits you with a dagger.
You hit the orc wizard but do no damage.
The orc wizard is almost dead.
The orc wizard misses you.
You closely miss the orc wizard.
The orc wizard is almost dead.
The orc wizard hits you with a dagger.
* * * LOW HITPOINT WARNING * * *
The orc wizard hits you but does no damage.
You barely miss the orc wizard.
The orc wizard is almost dead.
The orc wizard points at you and mumbles some strange words.
The magic dart hits you!
You die...

...############ ### #.#
..............+ ... ....
#######.###### #.##.#.#
.....##......# #... #.#
####.#######.# #..# #.# ## #..#.#
#.# #..# #.# #. ...#.# ####.#
#####..###.# #.
##.#.####....######..........###.
......).........@o(..(...........
####.#....#########.###########..
..##.#.#### #..[.....#....<.
#.##.#.# #.(.(....#.####.
#.##.#.# #.(......#......
.....#.# #........#######
.......# #.(......## # ...#####
#...(.(...# ...# ######.####...#
.


You could see an orc wizard.

Vanquished Creatures
  A centaur skeleton (D:4)
  An orc priest (D:3)
  4 worker ants
  An orc wizard (D:3)
  8 adders
  An ooze (D:2)
  5 worms
  3 dart slugs
  3 leopard geckos
  7 orcs
  6 giant cockroaches
  4 goblins
  8 hobgoblins
  3 jackals (D:1)
  2 quokkas
  A ball python (D:1)
  5 bats
  2 frilled lizards
  11 kobolds
  7 rats
83 creatures vanquished.

Notes
Turn   | Place    | Note
-------+----------+-------------------------------------------
     0 | D:1      | Mamutox the Spriggan Hunter began the quest for the Orb.
     0 | D:1      | Reached XP level 1. HP: 10/10 MP: 2/2
   110 | D:1      | Reached skill level 5 in Slings
   290 | D:1      | Reached XP level 2. HP: 5/15 MP: 3/3
   600 | D:1      | Reached skill level 1 in Short Blades
   864 | D:1      | Reached XP level 3. HP: 18/18 MP: 4/4
  1293 | D:2      | Found a blossoming altar of Fedhas.
  1590 | D:2      | Reached XP level 4. HP: 13/23 MP: 5/5
  2291 | D:3      | Reached skill level 6 in Slings
  2469 | D:3      | Reached XP level 5. HP: 27/27 MP: 6/6
  2692 | D:3      | Found a burning altar of Makhleb.
  2692 | D:3      | Noticed a green death
  3847 | D:4      | Reached XP level 6. HP: 17/32 MP: 7/7
  4003 | D:4      | Noticed Edmund
  4104 | D:4      | Reached skill level 7 in Slings
  4399 | D:3      | Noticed a neqoxec
  4399 | D:3      | Noticed a neqoxec
  4414 | D:4      | Noticed Eustachio
  5049 | D:4      | Killed from afar by an orc wizard

Vault maps used:
D:1:      elethiomel_arrival_quiet, serial_glass, glass_columns_a,
          glass_columns_c
D:2:      first_bread, hex_large, fedhas_altar_1
D:3:      hangedman_decor_lopped, makhleb_altar_promises_db
D:4:      cheibrodos_pilgrimage, uniq_edmund, uniq_eustachio

Skill      XL: |  1  2  3  4  5  6 |
---------------+-------------------+-----
Slings         | 5 6 7 |  7.1
Stealth        | 2 3 4 |  4.0
Short Blades   | 1 2 |  2.8
Fighting       | 2 |  2.7
Dodging        | |  3.6

Action                   |  1- 3 |  4- 6 || total
-------------------------+-------+-------++-------
Melee: Short sword       |    19 |    60 ||    79
 Fire: Hunting sling     |   106 |   171 ||   277
  Use: Scroll            |       |     8 ||     8
 Stab: Sleeping          |       |     2 ||     2
  Eat: Bread ration      |       |     1 ||     1
Armor: Robe              |     6 |     3 ||     9
Dodge: Dodged            |    37 |    49 ||    86

Table legend:
 A = Spawn XP
 B = Non-spawn XP
 C = Spawn XP percentage of total XP
 D = Spawn monster count
 E = Non-spawn monster count
 F = Spawn count percentage of total count
 G = Total turns spent on level
                    A         B        C        D         E        F      G
               +---------+---------+-------+---------+---------+-------+---------
         Total |       0 |     513 |   0.0 |       0 |      83 |   0.0 |  5049
               +---------+---------+-------+---------+---------+-------+---------
           D:1 |       0 |      53 |   0.0 |       0 |      32 |   0.0 |  1286
           D:2 |       0 |      79 |   0.0 |       0 |      12 |   0.0 |   901
           D:3 |       0 |     203 |   0.0 |       0 |      27 |   0.0 |  1691
           D:4 |       0 |     178 |   0.0 |       0 |      12 |   0.0 |  1171
               +---------+---------+-------+---------+---------+-------+---------
